AoeStats
← skeezerrr

Nomad

508840719Analyzed
3v3 RM · 9d ago on Sep 24, 2026· 61m 0s· 6 players
Game mode
Random Map
Map size
210×210
Population
200
Speed
Normal
Resources
Standard
Victory
Conquest
Starting age
Dark Age
Ending age
Imperial Age
RankedLock teamsTeams togetherTeam positionsShared explorationLock speedFull tech treeHidden civsTurbo modeCheats
Victory
Defeat
🇫🇷 Spanish · France
1243
+16
🇩🇪 Persians · Germany
1238
+17
🇬🇧 Vietnamese · United Kingdom
1198
+18
🇳🇿 Koreans · New Zealand
1273
-17
🇦🇺 Persians · Australia
1262
-18
🇩🇪 Lithuanians · Germany
1219
-16
uli2099
4:23 Loom
14:49 Feudal Age
15:47 Fishing Lines
19:20 Castle Age
18:21 Stone Mining
18:19 Double-Bit Axe
20:38 Stone Shaft Mining
20:21 Bow Saw
22:28 Gillnets
40:31 Fervor
46:48 Wheelbarrow
57:42 Forging
57:37 Scale Barding Armor
57:34 Horse Collar
58:52 Bloodlines
59:18 Husbandry
60:41 Chain Barding Armor
60:57 Iron Casting
60:52 Hand Cart
61:21 Heavy Plow
cbernard343
5:24 Loom
15:32 Feudal Age
20:59 Castle Age
22:11 Medium Warships
25:00 Double-Bit Axe
26:42 Bow Saw
28:58 Horse Collar
32:14 Wheelbarrow
32:23 Town Watch
32:58 Fletching
35:10 Hand Cart
39:15 Imperial Age
38:41 Scale Barding Armor
38:44 Heavy Plow
39:41 Bloodlines
39:32 Husbandry
38:53 Light Cavalry
40:11 Chain Barding Armor
40:02 Forging
40:22 Conscription
39:46 Elite Conquistador
42:07 Hussar
45:16 Padded Archer Armor
45:52 Plate Barding Armor
46:54 Hoardings
47:23 Leather Archer Armor
51:44 Ballistics
52:26 Ring Archer Armor
52:32 Iron Casting
51:55 Bodkin Arrow
53:23 Two-Man Saw
58:26 Blast Furnace
57:13 Capped Ram
58:17 Siege Ram
skeezerrr
5:31 Loom
12:41 Feudal Age
13:09 Double-Bit Axe
14:01 Wheelbarrow
15:53 Gold Mining
18:12 Castle Age
16:35 Stone Mining
19:04 Bow Saw
18:43 Town Watch
26:03 Forging
27:22 Fletching
29:05 Bodkin Arrow
29:35 Pikeman
30:15 Squires
31:03 Horse Collar
38:37 Imperial Age
37:08 Elite Skirmisher
37:54 Thumb Ring
38:50 Fortified Wall
38:54 Imperial Skirmisher
39:37 Padded Archer Armor
44:08 Leather Archer Armor
43:53 Bracer
46:50 Ring Archer Armor
48:13 Bracer
50:00 Ballistics
49:21 Treadmill Crane
50:39 Iron Casting
54:27 Elite Rattan Archer
59:34 Chemistry
58:45 Masonry
58:31 Murder Holes
60:47 Halberdier
Ventoux
11:11 Loom
13:53 Feudal Age
16:19 Double-Bit Axe
17:25 Scale Barding Armor
17:31 Forging
18:07 Wheelbarrow
18:35 Bloodlines
25:51 Castle Age
24:14 Gold Mining
27:31 Husbandry
OB
3:15 Loom
12:41 Feudal Age
17:02 Town Watch
17:12 Fletching
20:08 Castle Age
19:06 Gold Mining
19:41 Forging
21:57 Bodkin Arrow
22:36 Medium Warships
26:44 Horse Collar
31:51 Double-Bit Axe
36:23 Heavy Plow
37:20 Fishing Lines
41:43 Imperial Age
41:49 Padded Archer Armor
44:13 Chemistry
Boar_Hunter_Victim
14:42 Feudal Age
13:16 Loom
19:29 Castle Age
17:23 Double-Bit Axe
17:20 Horse Collar
17:43 Stone Mining
19:03 Gold Mining
19:25 Fletching
20:27 Bow Saw
22:18 Bodkin Arrow
24:16 Gold Shaft Mining
27:31 Wheelbarrow
28:39 Heavy Plow
31:06 Stone Shaft Mining
31:40 Devotion
36:38 Imperial Age
35:47 Ballistics
35:24 Murder Holes
35:52 Scale Mail Armor
36:02 Forging
35:55 Squires
35:40 Arson
37:02 Town Watch
37:32 Hand Cart
37:44 Conscription
38:24 Chain Mail Armor
38:10 Bracer
38:27 Chain Mail Armor
40:34 Two-Man Saw
40:20 Iron Casting
40:24 Town Patrol
41:12 Elite Fire Lancer
42:31 Plate Mail Armor
52:40 Chemistry
52:31 Scale Barding Armor
53:56 Eupseong
53:20 Capped Ram
54:24 Chain Barding Armor
55:37 Husbandry
55:00 Cavalier
55:03 Light Cavalry
56:30 Elite War Wagon
59:17 Hussar
Connection lost

Rejoining the realm…

Still unreachable

The connection could not be restored.

Session expired

The server has moved on; the page needs a fresh start.